 Dungeon Crawl Stone Soup version 0.23-a0-290-g290e36d (webtiles) character file.

7 Amnesiac the Sneak (level 1, 0/7 HPs)
             Began as a Felid Earth Elementalist on Oct 3, 2018.
             Slain by a hobgoblin (5 damage)
             ... on level 1 of the Dungeon.
             The game lasted 00:00:44 (270 turns).

Amnesiac the Sneak (Felid Earth Elementalist)        Turns: 270, Time: 00:00:45

Health: 0/7        AC:  1    Str:  4    XL:     1   Next: 83%
Magic:  4/4        EV: 18    Int: 16    God:
Gold:   0          SH:  0    Dex: 16    Spells: 3/4 levels left
                                        Lives:  0   Deaths: 0

rFire    . . .     SeeInvis +     - Unarmed
rCold    . . .     Gourm    .   (shield unavailable)
rNeg     . . .     Faith    .   (armour unavailable)
rPois    .         Spirit   .   (helmet unavailable)
rElec    .         Reflect  .   (cloak unavailable)
rCorr    .         Harm     .   (gloves unavailable)
MR       .....                  (boots unavailable)
Stlth    +++.......             (no amulet)
HPRegen  0.02/turn              (no ring)
MPRegen  0.09/turn              (no ring)

@: quick
A: very small, no armour, no weapons or thrown items, stealth, claws 1, fangs 3,
see invisible, carnivore, speed 1, shaggy fur 1, slow metabolism 1, sharp paws
a: no special abilities


You were on level 1 of the Dungeon.
You were full.

You visited 1 branch of the dungeon, and saw 1 of its levels.

Inventory:

Missiles
 b - 26 stones
Scrolls
 a - a scroll of teleportation {!r, unknown}
Potions
 d - 2 potions of curing {!q, unknown}
Comestibles
 c - a ration


   Skills:
 - Level 2.6 Dodging
 - Level 3.1 Stealth
 + Level 1.1 Unarmed Combat
 - Level 2.0 Spellcasting
   Level 1.1 Transmutations
 - Level 2.6 Earth Magic


You had 3 spell levels left.
You knew the following spells:

 Your Spells              Type           Power        Failure   Level  Hunger
a - Sandblast             Erth           ##....       7%          1    #......

Your spell library contained the following spells:

 Spells                   Type           Power        Failure   Level  Hunger
 Passwall                 Tmut/Erth      #.......     14%         2    ###....
 Stone Arrow              Conj/Erth      #.....       34%         3    ###....
 Petrify                  Tmut/Erth      #.......     67%         4    #####..
 Lee's Rapid Deconstruct  Erth           ##........   88%         5    ######.


Dungeon Overview and Level Annotations

Branches:
Dungeon (1/15)

Altars:


Innate Abilities, Weirdness & Mutations

You cannot wear armour.
You are incapable of wielding weapons or throwing items.
Your paws allow you to move quietly. (Stealth)
You have sharp claws.
You have razor-sharp teeth.
You have supernaturally acute eyesight. (SInv)
You are carnivorous and can eat meat at any time.
You cover ground quickly.
You are covered in fur. (AC +1)
You have a slow metabolism.
Your sharp claws are effective at attacking unaware monsters.


Message History

Confirm with . or Enter, or press ? or * to list all spells.
Aiming: Sandblast (safe; 7% risk of failure)
Press: ? - help, Shift-Dir - straight line, f - rat
Aim: a rat The blast of sand hits the rat.
You kill the rat!
b - 23 stones
b - 25 stones (gained 2)
b - 26 stones (gained 1)
You start resting.
A rat comes into view.
A rat is nearby!
You barely miss the rat. The rat barely misses you.
You scratch the rat.
You kill the rat!
Your Unarmed Combat skill increases to level 1!
No target in view!
No target in view!
Found a plate armour.
d - 2 silvery potions {!q} You start resting.
Magic restored.
You start resting.
Magic restored.
Found a robe.
An ooze comes into view.
An ooze is nearby!
A rat comes into view.
Found a ration.
A rat and a hobgoblin come into view.
The hobgoblin shouts!
The ooze quivers.
The rat closely misses you.
You scratch the rat.
You kill the rat!
The ooze closely misses you.
A dart slug comes into view.
You completely miss the ooze. The ooze hits you.
You scratch the ooze.
The ooze is moderately wounded.
The hobgoblin misses you.
The ooze jiggles.
The ooze barely misses you. The rat misses you.
You scratch the ooze.
The ooze is severely wounded.
The hobgoblin closely misses you. The ooze closely misses you.
The rat completely misses you.
You scratch the hobgoblin but do no damage.
The hobgoblin closely misses you.
You scratch the hobgoblin but do no damage.
You bite the hobgoblin.
The hobgoblin is moderately wounded.
The hobgoblin hits you.
You scratch the hobgoblin.
The hobgoblin is severely wounded.
The hobgoblin misses you.
You scratch the hobgoblin.
The hobgoblin is severely wounded.
The hobgoblin completely misses you.
You scratch the hobgoblin but do no damage.
The hobgoblin is severely wounded.
The hobgoblin hits you.
Ouch! That really hurt!
You die...

#...#.#[.........####.......
#...#.#.≈.....##...........#
#...#.#.≈≈♣♣..##...........#
#...###P≈≈≈≈..##...........#
...## ##≈.P................#
.### ##.....##.....###..#
#.....##.....#
#.....##....[#
########@##### ..^####g#####
......rJ....# .......w#%###
........#... .......## ###
....... ....... .......


You could see an ooze, a dart slug, a hobgoblin and a rat.

Vanquished Creatures
  A goblin (D:1)
  A hobgoblin (D:1)
  2 kobolds (D:1)
  3 rats (D:1)
7 creatures vanquished.

Notes
Turn   | Place    | Note
-------+----------+-------------------------------------------
     0 | D:1      | Amnesiac the Felid Earth Elementalist began the quest for
                  | the Orb.
     0 | D:1      | Reached XP level 1. HP: 7/7 MP: 4/4
    30 | D:1      | Reached skill level 3 in Stealth
   209 | D:1      | Reached skill level 1 in Unarmed Combat
   270 | D:1      | Slain by a hobgoblin

Vault maps used:
D:1:      mrwooster_arrival_statue, serial_bayou_pond_d

Skill      XL: |  1 |
---------------+----+-----
Stealth        | 3 |  3.1
Unarmed Combat | 1 |  1.1
Dodging        | |  2.6
Spellcasting   | |  2.0
Transmutations | |  1.1
Earth Magic    | |  2.6

Action                   || total
-------------------------++-------
Melee: Unarmed           ||    19
       Bite              ||     2
 Cast: Sandblast         ||     7
  Eat: Chunk             ||     2
Dodge: Dodged            ||    23

Table legend:
 A = Non-vault XP
 B = Vault XP
 C = Vault XP percentage of total XP
 D = Non-vault monster count
 E = Vault monster count
 F = Vault count percentage of total count
                 A         B        C        D         E       F
            +---------+---------+-------+---------+---------+-------
      Total |      10 |       0 |   0.0 |       7 |       0 |   0.0
            +---------+---------+-------+---------+---------+-------
        D:1 |      10 |       0 |   0.0 |       7 |       0 |   0.0
            +---------+---------+-------+---------+---------+-------
